 Dungeon Crawl Stone Soup version 0.21.0 (webtiles) character file.

180 MovingMist the Covered (level 5, -2/34 HPs)
             Began as a Gargoyle Fighter on Jan 5, 2018.
             Killed by divine providence
             ... invoked by an orc priest
              (11 damage)
             ... on level 3 of the Dungeon.
             The game lasted 00:04:24 (2400 turns).

MovingMist the Covered (Gargoyle Fighter)           Turns: 2400, Time: 00:04:25

Health: -2/34      AC: 14    Str: 20    XL:     5   Next: 60%
Magic:  5/5        EV:  6    Int:  8    God:
Gold:   113        SH:  9    Dex: 10    Spells: 4/4 levels left

rFire    . . .     SeeInvis .   a - +0 war axe
rCold    . . .     Gourm    .   c - +0 shield
rNeg     + . .     Faith    .   q - +0 chain mail
rPois    ∞         Spirit   .   p - +0 helmet
rElec    +         Reflect  .   (no cloak)
rCorr    .         Harm     .   (no gloves)
MR       .....                  (no boots)
Stlth    ..........             l - amulet of magic regeneration
HPRegen  0.11/turn              (no ring)
MPRegen  0.34/turn              (no ring)

@: no status effects
A: negative energy resistance 1, electricity resistance, unbreathing,
petrification resistance, rot immunity, AC +4
a: no special abilities


You were on level 3 of the Dungeon.
You were hungry.

You visited 1 branch of the dungeon, and saw 3 of its levels.

You collected 113 gold pieces.

Inventory:

Hand Weapons
 a - a +0 war axe (weapon)
Armour
 c - a +0 shield (worn)
 p - a +0 helmet (worn)
 q - a +0 chain mail (worn)
Jewellery
 l - an amulet of magic regeneration (around neck)
Wands
 b - a wand of disintegration (12)
Scrolls
 g - 7 scrolls of identify {unknown}
 h - a scroll of fog {unknown}
 j - a scroll of magic mapping {unknown}
 k - 4 scrolls of remove curse {unknown}
Potions
 d - a potion of might
 e - 3 potions of curing {unknown}
 i - a potion of flight {unknown}
 m - a potion of agility {unknown}
 n - a potion of berserk rage {unknown}
 r - a potion of degeneration {unknown}
Comestibles
 f - 10 rations
 o - 4 chunks of flesh


   Skills:
 + Level 4.3 Fighting
 + Level 2.9 Axes
 + Level 4.3 Armour
 + Level 1.9 Dodging
 - Level 3.2 Shields


You had 4 spell levels left.
You didn't know any spells.

Dungeon Overview and Level Annotations

Branches:
Dungeon (3/15)

Altars:
Fedhas


Innate Abilities, Weirdness & Mutations

You are resistant to torment.
Your stone body is resilient. (AC +4)
You are immune to poison.
You resist negative energy. (rN+)
You are resistant to electric shocks. (rElec)
You can survive without breathing.
You are immune to petrification.
You are immune to rotting.


Message History

You hit the orc priest but do no damage.
The orc priest is heavily wounded.
The orc priest hits you but does no damage.
You hit the orc priest but do no damage.
The orc priest is heavily wounded.
The orc priest hits you but does no damage.
The orc priest barely misses you.
Your shield and chain mail prevent you from hitting the orc priest.
The orc priest is moderately wounded.
You block the orc priest's attack.
Your shield and chain mail prevent you from hitting the orc priest.
The orc priest is moderately wounded.
The orc priest calls down the wrath of Beogh upon you.
Beogh smites you!
* * * LOW HITPOINT WARNING * * *
You closely miss the orc priest.
The orc priest is moderately wounded.
The orc priest mumbles some strange prayers to Beogh against you.
Beogh smites you!
You die...

...#......
...........
.......#.#.
##.##### #
#.# ##.# ...#
# ...# ♣♣♣♣
#.##### ...#
♣..♣♣ #.o@..#
...# ♣♣_.♣
#.###.# ...#
♣..♣♣ # #.#
...# ♣♣..♣
#.### ...#
♣♣.♣ #.#.#
...# ♣.♣
#.#.#####
...# ♣.♣
#.###.#.....#
...# ♣.♣♣
#.#...#.###.#
...# ♣♣..♣
#.#.###.# #.#


You could see an orc priest.

Vanquished Creatures
  An orc wizard (D:3)
  Robin (D:2)
  6 adders
  2 oozes
  2 worms
  2 dart slugs
  2 leopard geckos (D:1)
  An orc (D:3)
  A ball python (D:1)
  10 bats
  9 goblins
  13 hobgoblins
  5 jackals
  A quokka (D:3)
  3 frilled lizards
  6 kobolds
  5 rats
70 creatures vanquished.

Notes
Turn   | Place    | Note
-------+----------+-------------------------------------------
     0 | D:1      | MovingMist the Gargoyle Fighter began the quest for the Orb.
     0 | D:1      | Reached XP level 1. HP: 14/14 MP: 1/1
   177 | D:1      | Reached XP level 2. HP: 14/19 MP: 2/2
   340 | D:1      | Reached XP level 3. HP: 17/23 MP: 3/3
   619 | D:1      | Reached skill level 1 in Dodging
  1051 | D:2      | Reached XP level 4. HP: 26/29 MP: 4/4
  1728 | D:2      | Noticed Robin
  1741 | D:2      | Killed Robin
  2097 | D:3      | Reached XP level 5. HP: 33/33 MP: 5/5
  2301 | D:3      | Found a blossoming altar of Fedhas.
  2400 | D:3      | Killed from afar by an orc priest

Skill      XL: |  1  2  3  4 |
---------------+-------------+-----
Axes           | 2 |  2.9
Dodging        | 1 |  1.9
Fighting       | 4 |  4.3
Armour         | 4 |  4.3
Shields        | |  3.2

Action                   |  1- 3 |  4- 6 || total
-------------------------+-------+-------++-------
Melee: War axe           |   152 |   148 ||   300
  Eat: Chunk             |       |     5 ||     5
Armor: Scale mail        |    85 |    27 ||   112
       Chain mail        |       |    73 ||    73
Dodge: Dodged            |    56 |    42 ||    98
Block: Shield            |    94 |    77 ||   171
